 Dungeon Crawl Stone Soup version 0.30-a0-439-g9e77e4d916 (webtiles) character file.

Game seed: 3361250087298608995

269265 quinnr the Gelid (level 20, -1/190 HPs)
             Began as a Naga Ice Elementalist on Dec 8, 2022.
             Was the Champion of Cheibriados.
             Shot with a bolt by a yaktaur captain (31 damage)
             ... on level 2 of the Vaults on Dec 10, 2022.
             The game lasted 03:09:49 (50305 turns).

quinnr the Gelid (Naga Ice Elementalist)           Turns: 50305, Time: 03:09:50

Health: -1/190     AC: 20    Str: 33    XL:     20   Next: 17%
Magic:  3/33       EV: 23    Int: 42    God:    Cheibriados [******]
Gold:   2209       SH:  5    Dex: 30    Spells: 1/37 levels left

rFire   + . .      SeeInvis +    a - +9 lajatang (elec)
rCold   . . .      Faith    .    (shield currently unavailable)
rNeg    . . .      Spirit   .    X - +2 acid dragon scales
rPois   +          Reflect  +    b - +0 mask of the Dragon {Will+ Slay+3 SInv}
rElec   +          Harm     .    t - scarf {repulsion}
rCorr   +          Rampage  .    B - +1 pair of gloves of Ruapit {Drain +Blink rElec Int+7}
Will    +++..                    O - +1 barding {Stlth+}
Stlth   ++++++....               m - amulet of Departure {Reflect +Blink SH+5}
HPRegen 0.51/turn                Z - ring of wizardry
MPRegen 0.23/turn                W - ring of the Peasants {rF+ rCorr Dex+4 Slay+2}

@: repel missiles, very slow
A: AC +6, large, see invisible, deformed body, poison resistance, slowness 2,
spit poison 1, naga tail 2, shaggy fur 1, strong 1, noise suppression
}: 2/15 runes: serpentine, barnacled
a: Spit Poison, Renounce Religion, Evoke Blink, Bend Time, Temporal Distortion,
Slouch, Step From Time


You were on level 2 of the Vaults.
You worshipped Cheibriados.
Cheibriados was exalted by your worship.
You visited 7 branches of the dungeon, and saw 33 of its levels.
You visited 1 bazaar.
You also visited: Ossuary and Gauntlet.

You collected 3206 gold pieces.
You spent 997 gold pieces at shops.


Innate Abilities, Weirdness & Mutations

Your serpentine skin is tough. (AC +6)
You have supernaturally acute eyesight. (SInv)
Armour fits poorly on your strangely shaped body.
Your system is resistant to poisons. (rPois)
You cover ground very slowly.
You can spit poison.
You can use your snake-like lower body to constrict enemies.
You are covered in fur. (AC +1)
Your muscles are strong. (Str +4, Int/Dex -1)
You passively dampen the noise of your surroundings.


   Skills:
 - Level 14.0 Fighting
 - Level 10.0 Staves
 - Level 1.0 Armour
 + Level 15.9 Dodging
 - Level 10.0 Stealth
 - Level 9.0 Spellcasting
 - Level 4.0 Hexes
 + Level 9.4 Summonings
 - Level 5.0 Transmutations
 + Level 17.0 Ice Magic
 - Level 11.0 Invocations
 - Level 10.0 Evocations


You had one spell level left.
You knew the following spells:

 Your Spells              Type           Power      Damage    Failure   Level
b - Summon Ice Beast      Ice/Summ       92%        N/A       1%          4
c - Ice Form              Ice/Tmut       84%        N/A       1%          4
e - Ensorcelled Hibernat  Hex/Ice        100%       N/A       1%          2
o - Ozocubu's Armour      Ice            100%       N/A       0%          3
r - Frozen Ramparts       Ice            100%       1d16      0%          3
v - Summon Mana Viper     Hex/Summ       66%        N/A       1%          5
X - Summon Cactus Giant   Summ           39%        N/A       2%          6
Y - Polar Vortex          Ice            52%        N/A       56%         9

Your spell library contained the following spells:

 Spells                   Type           Power      Damage    Failure   Level
 Freeze                   Ice            100%       1d10      0%          1
 Kiss of Death            Conj/Necr      72%        2d10      1%          1
 Magic Dart               Conj           72%        1d6       1%          1
 Passwall                 Tmut/Erth      32%        N/A       1%          2
 Searing Ray              Conj           36%        2d5       1%          2
 Call Canine Familiar     Summ           78%        N/A       1%          3
 Confusing Touch          Hex            51%        N/A       1%          3
 Hailstorm                Conj/Ice       74%        3d15      1%          3
 Ignite Poison            Fire/Tmut/Pois 32%        N/A       1%          3
 Inner Flame              Hex/Fire       35%        N/A       1%          3
 Portal Projectile        Hex/Tloc       70%        N/A       1%          3
 Cause Fear               Hex            25%        N/A       1%          4
 Gell's Gravitas          Tloc           18%        N/A       2%          3
 Lesser Beckoning         Tloc           36%        N/A       2%          3
 Mephitic Cloud           Conj/Pois/Air  18%        N/A       2%          3
 Stone Arrow              Conj/Erth      36%        3d9       2%          3
 Swiftness                Air            18%        N/A       2%          3
 Teleport Other           Tloc           18%        N/A       2%          3
 Fulminant Prism          Conj/Hex       17%        3d11      3%          4
 Leda's Liquefaction      Hex/Erth       17%        N/A       3%          4
 Summon Forest            Summ/Tloc      27%        N/A       3%          5
 Simulacrum               Ice/Necr       37%        N/A       4%          6
 Dispel Undead            Necr           18%        3d11      9%          4
 Sticky Flame             Conj/Fire      18%        2d4       9%          4
 Statue Form              Tmut/Erth      26%        N/A       38%         6
 Malign Gateway           Summ/Tloc      27%        N/A       65%         7
 Summon Horrible Things   Summ           39%        N/A       71%         8
 Conjure Ball Lightning   Conj/Air       9%         3x3d6     73%         6
 Borgnjor's Revivificati  Necr           9%         N/A       100%        8
 Discord                  Hex            25%        N/A       100%        8
 Disjunction              Tloc           9%         N/A       100%        8
 Ignition                 Fire           9%         3d5       100%        8
 Lehudib's Crystal Spear  Conj/Erth      9%         10d4      100%        8
 Necromutation            Tmut/Necr      19%        N/A       100%        8
 Death's Door             Necr           9%         N/A       100%        9

Inventory:

Hand Weapons
 a - a +9 lajatang of electrocution (weapon)
Armour
 b - the +0 mask of the Dragon (worn) {Will+ Slay+3 SInv}
   (You bought it in a shop in a bazaar)

   Slay:      It affects your accuracy & damage with ranged weapons and melee
   (+3).
   SInv:      It lets you see invisible.
   Will:      It increases your willpower.
 i - a +2 helmet of intelligence
 t - a scarf of repulsion (worn)
 B - the +1 pair of gloves of Ruapit (worn) {Drain +Blink rElec Int+7}
   (You acquired it on level 2 of the Orcish Mines)

   Int:       It affects your intelligence (+7).
   rElec:     It insulates you from electricity.
   +Blink:    It lets you blink.
   Drain:     It drains your maximum health when unequipped.
 O - a +1 barding of stealth (worn)
 X - +2 acid dragon scales (worn)
Magical Staves
 c - a staff of cold {!a}
 k - a staff of death {!a}
 Q - a staff of air {!a}
Jewellery
 m - the amulet of Departure (around neck) {Reflect +Blink SH+5}
   (You took it off a minotaur in a Gauntlet)

   [amulet of reflection]

   It reflects blocked missile attacks.
   +Blink:    It lets you blink.
   SH:        It affects your SH (+5).
 n - a ring of positive energy
 F - a ring of protection from fire
 L - a ring of flight
 V - the ring "Zuniokka" {rN+ Slay+4}
   (You found it on level 13 of the Dungeon)

   [ring of slaying]

   Slay:      It affects your accuracy & damage with ranged weapons and melee
   (+4).
   rN:        It protects you from negative energy.
 W - the ring of the Peasants (right hand) {rF+ rCorr Dex+4 Slay+2}
   (You found it on level 2 of the Orcish Mines)

   [ring of protection from fire]

   Dex:       It affects your dexterity (+4).
   Slay:      It affects your accuracy & damage with ranged weapons and melee
   (+2).
   rF:        It protects you from fire.
   rCorr:     It protects you from acid and corrosion.
 Z - a ring of wizardry (left hand)
Wands
 o - a wand of light (21)
 w - a wand of digging (2)
 y - a wand of polymorph (11)
 C - a wand of flame (28)
 H - a wand of paralysis (11)
 K - a wand of roots (1)
 N - a wand of mindburst (2)
Scrolls
 d - 4 scrolls of poison
 e - 13 scrolls of teleportation {@r2}
 q - 2 scrolls of magic mapping
 v - 2 scrolls of fog
 x - 4 scrolls of fear
 R - 8 scrolls of blinking
 Y - 3 scrolls of amnesia
Potions
 g - 4 potions of might
 h - 6 potions of cancellation
 j - 17 potions of curing {@q1}
 l - 9 potions of mutation
 s - 4 potions of invisibility
 z - 3 potions of magic
 A - 2 potions of flight
 D - 2 potions of resistance
 I - 3 potions of heal wounds {@q2}
 J - 6 potions of brilliance
 U - 2 potions of ambrosia
Miscellaneous
 u - a lightning rod (4/4)
 S - a phantom mirror
 T - a phial of floods

Dungeon Overview and Level Annotations

Branches:
Dungeon (15/15)            Temple (1/1) D:6            Lair (5/5) D:11
 Shoals (4/4) Lair:3        Snake (4/4) Lair:3        Slime (0/5) Lair:4
    Orc (2/2) D:9             Elf (0/3) Orc:2        Vaults (2/5) D:13
 Depths (0/4) D:15        Ossuary (visited)         Gauntlet (visited)
  Crypt: Vaults:2-3

Altars:
Ashenzari
Cheibriados
Dithmenos
Elyvilon
Fedhas
Gozag
Hepliaklqana
Kikubaaqudgha
Makhleb
Nemelex Xobeh
Okawaru
Qazlal
Ru
Sif Muna
Trog
Uskayaw
Vehumet
Wu Jian
Xom
Yredelemnul
Zin
The Shining One
Jiyva

Shops:
D:5 =   Orc:2 [(=**

Annotations:
Lair:4 exclusion: ice statue

▒▒ ▒▒ ..
. .▒▒.
▒c.▒ .)▒
▒▒▒▒)▒▒▒
+......▒
▒......▒
▒...@..▒
+...<..▒
+......▒
▒......▒
▒......▒
▒▒▒▒▒▒▒▒


You could see a yaktaur captain (strong).


Message History

The frozen ramparts melt away as you move.
The yaktaur captain is no longer blind.
The yaktaur captain shoots a bolt.
The bolt hits you!!
* * * LOW HITPOINT WARNING * * *
The yaktaur captain shoots a bolt.
The bolt completely misses you.
The yaktaur captain shoots a bolt.
The bolt completely misses you.
The yaktaur captain shoots a bolt.
The bolt hits you!!
* * * LOW HITPOINT WARNING * * *
The yaktaur captain shoots a bolt.
The bolt barely misses you.
Aiming: Mindburst
Press: ? - help, Shift-Dir - straight line, f - yaktaur captain
Aim: a yaktaur captain, wielding a +0 arbalest (heavily wounded, strong, chance to affect: 65%)
Okay, then.
Unknown command.
Aiming: Paralyse
Press: ? - help, Shift-Dir - straight line, f - yaktaur captain
Aim: a yaktaur captain, wielding a +0 arbalest (heavily wounded, strong, chance to affect: 37%)
Okay, then.
Casting: Frozen Ramparts (safe; 0% risk of failure)
Confirm with . or Enter, or press ? or * to list all spells.
Okay, then.
Casting: Frozen Ramparts (safe; 0% risk of failure)
Confirm with . or Enter, or press ? or * to list all spells.
Aiming: Ensorcelled Hibernation (safe; 1% risk of failure)
Press: ? - help, Shift-Dir - straight line, f - yaktaur captain
Aim: a yaktaur captain, wielding a +0 arbalest (heavily wounded, strong, chance to affect: 37%)
Okay, then.
Okay, then.
You feel much better.
The yaktaur captain shoots a bolt.
The bolt hits you!!
You die...

Skill      XL: |  1  2  3  4  5  6  7  8  9 10 11 12 13 14 15 16 17 18 19 20 |
---------------+-------------------------------------------------------------+-----
Ice Magic      | 5 6 7 9 10 12 13 14 16 17 | 17.0
Fighting       | 1 3 4 6 7 9 10 11 12 13 14 | 14.0
Dodging        | 2 3 4 5 7 8 9 10 12 13 15 | 15.9
Stealth        | 4 5 9 10 | 10.0
Spellcasting   | 3 4 5 6 7 8 9 |  9.0
Evocations     | 2 6 7 10 | 10.0
Staves         | 3 4 9 10 | 10.0
Armour         | 1 |  1.0
Summonings     | 4 5 6 9 |  9.4
Invocations    | 5 7 8 10 11 | 11.0
Transmutations | 5 |  5.0
Hexes          | 4 |  4.0

Action                   |  1- 3 |  4- 6 |  7- 9 | 10-12 | 13-15 | 16-18 | 19-21 || total
-------------------------+-------+-------+-------+-------+-------+-------+-------++-------
Melee: Unarmed           |     7 |       |       |       |    97 |   206 |    14 ||   324
       Punch             |     1 |       |       |       |       |       |       ||     1
       Lajatang          |       |     7 |    51 |   102 |   388 |   658 |   164 ||  1370
       Staff             |       |     9 |    19 |       |       |     2 |       ||    30
       Constrict         |       |       |       |       |    95 |   161 |    47 ||   303
Throw: Dart              |       |     9 |     4 |       |     1 |       |       ||    14
       Javelin           |       |       |       |       |       |     1 |       ||     1
 Cast: Freeze            |    35 |    28 |    78 |   171 |    70 |     4 |       ||   386
       Frozen Ramparts   |     4 |    23 |    38 |    62 |    85 |    85 |    33 ||   330
       Ozocubu's Armour  |       |     6 |    18 |    40 |    82 |    98 |    31 ||   275
       Summon Ice Beast  |       |       |     6 |    65 |   115 |   135 |    37 ||   358
       Ice Form          |       |       |       |       |    11 |    16 |     3 ||    30
       Summon Cactus Gia |       |       |       |       |       |    11 |    53 ||    64
       Summon Mana Viper |       |       |       |       |       |       |    29 ||    29
       Ensorcelled Hiber |       |       |       |       |       |       |     9 ||     9
Invok: Bend Time         |       |       |       |       |     5 |       |       ||     5
       Slouch            |       |       |       |       |     7 |     9 |     1 ||    17
       Step From Time    |       |       |       |       |       |       |     1 ||     1
 Abil: Spit Poison       |       |     3 |     5 |     8 |     3 |     9 |       ||    28
       Evoke Blink       |       |       |       |       |       |     1 |       ||     1
Evoke: Wand              |       |       |     8 |    10 |    20 |    36 |     7 ||    81
       Lightning rod     |       |       |       |       |     1 |     4 |       ||     5
       Phial of floods   |       |       |       |       |       |     3 |       ||     3
       Phantom mirror    |       |       |       |       |       |     2 |     2 ||     4
  Use: Scroll            |       |     1 |     1 |    18 |    10 |    14 |     2 ||    46
       Potion            |       |       |     2 |     4 |     4 |     1 |     4 ||    15
 Stab: Paralysed         |       |       |       |       |     8 |       |       ||     8
       Distracted        |       |       |       |       |     5 |    17 |     2 ||    24
       Invisible         |       |       |       |       |     4 |       |       ||     4
       Sleeping          |       |       |       |       |     2 |     6 |     1 ||     9
       Held in net/web   |       |       |       |       |       |     1 |       ||     1
Armor: Robe              |    10 |    32 |     5 |       |       |       |       ||    47
       Leather armour    |       |       |    89 |       |       |       |       ||    89
       Acid dragon scale |       |       |    59 |   241 |   392 |   459 |    86 ||  1237
       Skin              |       |       |       |       |    51 |    80 |    10 ||   141
Dodge: Dodged            |    12 |    32 |   108 |   296 |   597 |  1238 |   331 ||  2614
       Repelled          |       |       |       |       |     6 |    47 |    25 ||    78
Block: Other             |       |       |       |       |    32 |   288 |    82 ||   402
       Reflection        |       |       |       |       |     6 |    57 |    12 ||    75

Levels and vault maps discovered:
D:1:      scummos_arrival_checkerplants, layout_loops_cross
D:2:      layout_loops_ring
D:3:      layout_rooms, minmay_bisected
D:4:      layout_loops_ring, ebering_ghost_inner_flame, serial_shops,
          shop_statue, uniq_eustachio, uniq_grinder
D:5:      layout_gridville, serial_shops, shop
D:6:      layout_cave_pods, minmay_temple_entry_mist, solitary_fountain,
          hangedman_abyss_or_decor_lesser_grid
D:7:      minmay_octagon_keep, layout_basic, uniq_crazy_yiuf_cottage,
          uniq_duvessa, uniq_maggie
D:8:      layout_rooms, mainiacjoe_overflow_brackets, gup_ossuary_entry_pyramid,
          kennysheep_generic_room_5
D:9:      layout_basic, orc_0_dummy
D:10:     layout_stronghold, uniq_joseph, uniq_harold
D:11:     layout_roguey, grunt_lair_entry_orc_guard_hut
D:12:     nicolae_cairo_tiling_large_dashed, layout_gridville
D:13:     minmay_the_grid_octo_triangle [minmay_the_grid_octo_toaster,
          minmay_the_grid_octo_prize_ultimate_mussel_roller,
          minmay_the_grid_octo_checkerflower], layout_basic,
          ximxim_vaults_locker_room
D:14:     layout_loops_ring, elyvilon_altar_1
D:15:     gammafunk_enter_depths_forms, layout_loops_ring,
          nicolae_dithmenos_through_a_glass_darkly, zin_scriptorium
Temple:   nicolae_temple_the_god_donut
Lair:1:   layout_roguey
Lair:2:   layout_roguey, nicolae_lair_grazing_beasts
          [nicolae_sub_lair_graze_edge, nicolae_sub_lair_graze_edge,
          nicolae_sub_lair_graze_edge, nicolae_sub_lair_graze_edge]
Lair:3:   layout_chaotic_city, elwin_shoals_entry_rocks,
          minmay_snake_entry_guardpost_small, grunt_megastairs_5
Lair:4:   layout_roguey, slime_entry_1, ice2_lemuel, lemuel_fruit_fields
Lair:5:   wormcave, layout_long_grid, hangedman_lair_in_review,
          infiniplex_staircase_pool_2, uniq_urug
Shoals:1: cheibrodos_shoals_gigantism, layout_shoals
Shoals:2: layout_shoals, uniq_ilsuiw, uniq_roxanne
Shoals:3: cheibrodos_shoals_baths, layout_shoals, gammafunk_ghost_necromancy,
          nicolae_shoals_water_elemental_grotto
Shoals:4: shoals_end_grunt_garden, layout_shoals, nicolae_shoals_water_shrine
Snake:1:  layout_layer_cave, basic_altar, grunt_megastairs_2
Snake:2:  layout_basic, gammafunk_ghost_grave, serial_bayou_shore_a, uniq_aizul
Snake:3:  layout_chambers, uniq_azrael
Snake:4:  minmay_snake_end_coiled, layout_cave_town, grunt_ministairs_5,
          st_stairs_3, nicolae_snake_double_loop, uniq_asterion, uniq_mlioglotl,
          uniq_mara, uniq_vashnia
Orc:1:    layout_diamond_mine
Orc:2:    grunt_orc_cross, layout_diamond_mine, gauntlet_entry_generic,
          basic_altar, serial_shops, shop, gammafunk_ghost_berserking_beasts
Vaults:1: nicolae_vaults_little_squares_3, nicolae_vaults_border_crossing,
          grunt_vaults_diagonal, vaults_dpeg_spiral,
          nicolae_vaults_angled_halls, vaults_room_large_hall,
          vaults_room_pools, grunt_vaults_bifocal,
          nicolae_vaults_ring_of_whatevers, ontoclasm_vaults_bender,
          nicolae_vaults_shelves_hall, vaults_room_corners,
          ontoclasm_vaults_ring_small, layout_vaults_big_cross, serial_shops,
          bzr_entry_islet
Vaults:2: hangedman_vaults_nails, nicolae_vaults_alarming,
          blue_anna_dwarven_crypt, hangedman_vaults_nails,
          nicolae_vaults_network_star, vaults_room_ringed_pool,
          vaults_mumra_minichess_inversion, ontoclasm_vaults_claustrophobia,
          hangedman_vaults_cutoff, nicolae_vaults_little_squares_5,
          layout_vaults_big_room, uniq_margery

Notes
Turn   | Place    | Note
-------+----------+-------------------------------------------
     0 | D:1      | quinnr the Naga Ice Elementalist began the quest for the
                  | Orb.
     0 | D:1      | Reached XP level 1. HP: 15/15 MP: 3/3
   263 | D:1      | Reached XP level 2. HP: 22/22 MP: 1/5
   499 | D:1      | You fall into a shaft and drop 1 floor!
   663 | D:2      | Reached XP level 3. HP: 27/28 MP: 4/6
   755 | D:2      | Reached skill level 5 in Ice Magic
   759 | D:2      | Learned a level 3 spell: Frozen Ramparts
  1443 | D:2      | Reached XP level 4. HP: 36/36 MP: 3/7
  1779 | D:2      | Learned a level 3 spell: Ozocubu's Armour
  2313 | D:3      | Reached skill level 1 in Fighting
  2313 | D:3      | Reached skill level 2 in Dodging
  2313 | D:3      | Reached XP level 5. HP: 37/44 MP: 0/8
  2590 | D:3      | Reached skill level 4 in Stealth
  3311 | D:4      | Noticed Grinder
  3331 | D:4      | Paralysed by Grinder for 4 turns
  3343 | D:4      | Killed Grinder
  3344 | D:4      | Reached skill level 3 in Dodging
  3344 | D:4      | Reached skill level 3 in Spellcasting
  3344 | D:4      | Reached skill level 6 in Ice Magic
  3344 | D:4      | Reached skill level 2 in Evocations
  3344 | D:4      | Reached XP level 6. HP: 51/51 MP: 4/10
  3499 | D:4      | Found Xatecwu's General Store.
  3508 | D:4      | Found a runed translucent door.
  3509 | D:4      | Noticed MrSquiggles's ghost (novice OpGl)
  3655 | D:4      | Noticed Eustachio
  3721 | D:4      | Reached XP level 7. HP: 57/57 MP: 4/11
  3986 | D:4      | Killed Eustachio
  3987 | D:4      | Reached skill level 2 in Staves
  3987 | D:4      | Reached skill level 1 in Armour
  4103 | D:5      | Entered Level 5 of the Dungeon
  4412 | D:5      | Reached skill level 3 in Staves
  4434 | D:5      | Reached skill level 4 in Dodging
  4588 | D:5      | Reached XP level 8. HP: 64/64 MP: 2/12
  4839 | D:5      | Reached skill level 5 in Dodging
  4844 | D:5      | Learned a level 4 spell: Summon Ice Beast
  5000 | D:5      | Reached skill level 1 in Summonings
  5098 | D:5      | Reached skill level 2 in Summonings
  5386 | D:5      | Found Eriodyno's Jewellery Shoppe.
  5664 | D:6      | Reached skill level 3 in Summonings
  5766 | D:6      | Reached skill level 4 in Summonings
  5991 | D:6      | Found a staircase to the Ecumenical Temple.
  6010 | Temple   | Entered the Ecumenical Temple
  6031 | Temple   | Became a worshipper of Cheibriados the Contemplative
  6304 | D:6      | Reached skill level 2 in Fighting
  6783 | D:5      | Bought a ring of magical power for 280 gold pieces
  6922 | D:7      | Noticed Maggie
  6992 | D:7      | Killed Maggie
  6993 | D:7      | Reached skill level 3 in Fighting
  6993 | D:7      | Reached skill level 4 in Spellcasting
  6993 | D:7      | Reached skill level 7 in Ice Magic
  6993 | D:7      | Reached XP level 9. HP: 56/75 MP: 8/15
  7204 | D:7      | Reached * piety under Cheibriados
  7212 | D:7      | Noticed Duvessa
  7219 | D:7      | Noticed Dowan
  7229 | D:7      | Killed Duvessa
  7251 | D:7      | Killed Dowan
  7611 | D:7      | Reached skill level 4 in Fighting
  7618 | D:7      | Reached skill level 5 in Summonings
  7620 | D:7      | Reached skill level 5 in Spellcasting
  7629 | D:7      | Reached skill level 8 in Ice Magic
  7630 | D:7      | Reached ** piety under Cheibriados
  7813 | D:7      | HP: 3/78 [ogre/+0 giant club (18)]
  7817 | D:7      | Reached skill level 9 in Ice Magic
  8060 | D:7      | Reached XP level 10. HP: 85/85 MP: 17/17
  8141 | D:7      | Reached skill level 1 in Invocations
  8351 | D:7      | Found a runed translucent door.
  8352 | D:7      | Noticed Crazy Yiuf
  8611 | D:7      | Killed Crazy Yiuf
  8684 | D:8      | Reached skill level 2 in Invocations
  8702 | D:8      | Found a sand-covered staircase.
  8733 | Ossuary  | Entered an ossuary
  8992 | Ossuary  | Reached skill level 3 in Invocations
  8995 | Ossuary  | Reached *** piety under Cheibriados
  9256 | D:8      | Reached skill level 6 in Dodging
  9263 | D:8      | Reached skill level 4 in Invocations
  9511 | D:8      | Reached **** piety under Cheibriados
  9522 | D:8      | Reached skill level 5 in Invocations
  9631 | D:8      | Found an ornate altar of the Wu Jian Council.
  9996 | D:9      | Found a staircase to the Orcish Mines.
 10135 | D:9      | Reached skill level 7 in Dodging
 10618 | D:9      | Reached skill level 5 in Stealth
 10941 | D:10     | Entered Level 10 of the Dungeon
 11188 | D:10     | Reached XP level 11. HP: 93/93 MP: 19/19
 11251 | D:10     | Noticed a two-headed ogre
 11259 | D:10     | Killed a two-headed ogre
 11260 | D:10     | Reached skill level 5 in Fighting
 11446 | D:10     | Noticed Joseph
 11454 | D:10     | Noticed Harold
 11467 | D:10     | Killed Harold
 11468 | D:10     | Reached skill level 3 in Evocations
 11474 | D:10     | Killed Joseph
 11475 | D:10     | Reached skill level 4 in Staves
 11566 | D:10     | Reached skill level 6 in Spellcasting
 11751 | D:10     | Noticed a two-headed ogre
 11758 | D:10     | Killed a two-headed ogre
 11759 | D:10     | Reached skill level 4 in Evocations
 12163 | D:11     | Noticed a centaur warrior
 12168 | D:11     | Killed a centaur warrior
 12169 | D:11     | Reached skill level 6 in Fighting
 12169 | D:11     | Reached skill level 10 in Ice Magic
 12242 | D:11     | Reached skill level 5 in Evocations
 12245 | D:11     | Reached ***** piety under Cheibriados
 12253 | D:11     | Reached skill level 6 in Evocations
 12423 | D:11     | Found a staircase to the Lair.
 12445 | Lair:1   | Entered Level 1 of the Lair of Beasts
 12787 | Lair:1   | Reached XP level 12. HP: 105/105 MP: 21/21
 12790 | Lair:1   | Reached skill level 6 in Invocations
 13146 | Lair:1   | Gained mutation: You sometimes lose your temper in combat.
                  | [potion of mutation]
 13146 | Lair:1   | Gained mutation: Your spells are a little harder to cast,
                  | but a little more powerful. [potion of mutation]
 13147 | Lair:1   | Lost mutation: You sometimes lose your temper in combat.
                  | [potion of mutation]
 13147 | Lair:1   | Lost mutation: Your spells are a little harder to cast, but
                  | a little more powerful. [potion of mutation]
 13147 | Lair:1   | Gained mutation: Your magical capacity is low. (-10% MP)
                  | [potion of mutation]
 13148 | Lair:1   | Lost mutation: Your magical capacity is low. (-10% MP)
                  | [potion of mutation]
 13148 | Lair:1   | Gained mutation: Your muscles are strong. (Str +4, Int/Dex
                  | -1) [potion of mutation]
 13148 | Lair:1   | Gained mutation: You are covered in fur. (AC +1) [potion of
                  | mutation]
 13148 | Lair:1   | Gained mutation: You passively dampen the noise of your
                  | surroundings. [potion of mutation]
 13302 | Lair:1   | Reached skill level 7 in Spellcasting
 13744 | Lair:2   | Reached skill level 7 in Invocations
 13782 | Lair:2   | Reached skill level 11 in Ice Magic
 13848 | Lair:2   | Noticed a death yak
 13849 | Lair:2   | Noticed a death yak
 13849 | Lair:2   | Noticed a death yak
 13849 | Lair:2   | Noticed a catoblepas
 13849 | Lair:2   | Noticed a death yak
 13849 | Lair:2   | Noticed a death yak
 14007 | Lair:1   | Killed a death yak
 14755 | Lair:3   | Found a staircase to the Snake Pit.
 15048 | Lair:3   | Reached skill level 12 in Ice Magic
 15223 | Lair:3   | Found a staircase to the Shoals.
 16006 | Lair:2   | Reached skill level 7 in Fighting
 16215 | Lair:2   | Reached ****** piety under Cheibriados
 16517 | Lair:4   | Found a viscous altar of Jiyva.
 16517 | Lair:4   | Found a staircase to the Slime Pits.
 16567 | Lair:4   | Noticed a four-headed hydra
 16577 | Lair:4   | Killed a four-headed hydra
 16578 | Lair:4   | Reached skill level 8 in Dodging
 16776 | Lair:4   | Gained mutation: You can use your snake-like lower body to
                  | constrict enemies. [Naga growth]
 16776 | Lair:4   | Reached XP level 13. HP: 117/117 MP: 23/23
 16818 | Lair:4   | Reached skill level 8 in Fighting
 16962 | Lair:4   | Reached skill level 9 in Fighting
 16962 | Lair:4   | Reached skill level 9 in Dodging
 17245 | Lair:4   | Reached skill level 5 in Staves
 17372 | Lair:4   | Reached skill level 6 in Staves
 17552 | Lair:4   | Reached skill level 7 in Staves
 17650 | Lair:4   | Identified the +3 pair of boots of the Ecumenical Temple
                  | {rF+}
 17717 | Lair:4   | Reached skill level 8 in Staves
 17825 | Lair:4   | Noticed an ice dragon
 18144 | Lair:5   | Entered Level 5 of the Lair of Beasts
 18160 | Lair:5   | Killed an ice dragon
 18801 | Lair:5   | Reached skill level 9 in Staves
 18845 | Lair:5   | Upgraded the game from 0.30-a0-414-gcb316572d5 to
                  | 0.30-a0-439-g9e77e4d916
 19058 | Lair:5   | Found a runed translucent door.
 19059 | Lair:5   | Noticed an ice dragon
 19199 | Lair:5   | Reached XP level 14. HP: 123/129 MP: 23/24
 19680 | Lair:5   | Noticed Urug
 19693 | Lair:5   | Killed Urug
 19865 | Lair:5   | Identified 2 potions of resistance
 20508 | Lair:5   | Reached skill level 10 in Staves
 20508 | Lair:5   | Reached skill level 8 in Invocations
 20966 | Lair:5   | Reached skill level 8 in Spellcasting
 21121 | Lair:5   | Reached skill level 10 in Fighting
 22104 | D:4      | Killed MrSquiggles's ghost
 22176 | D:4      | Learned a level 4 spell: Ice Form
 22252 | Orc:1    | Entered Level 1 of the Orcish Mines
 22571 | Orc:1    | Reached XP level 15. HP: 138/138 MP: 16/27
 22707 | Orc:1    | You fall into a shaft and drop 1 floor!
 22707 | Orc:2    | Entered Level 2 of the Orcish Mines
 22707 | Orc:2    | Found a staircase to the Elven Halls.
 22714 | Orc:2    | Noticed an orc warlord
 22715 | Orc:2    | Reached skill level 1 in Transmutations
 22720 | Orc:2    | Reached skill level 13 in Ice Magic
 22720 | Orc:2    | Reached skill level 9 in Invocations
 22723 | Orc:2    | Reached skill level 10 in Dodging
 22728 | Orc:2    | Killed an orc warlord
 22746 | Orc:2    | Reached skill level 2 in Transmutations
 22825 | Orc:2    | Found Maobecve's General Store.
 22852 | Orc:2    | Found a gate leading to a gauntlet.
 22872 | Gauntlet | Entered a Gauntlet
 22872 | Gauntlet | Found a transporter.
 22872 | Gauntlet | Found a transporter.
 23019 | Gauntlet | Found a transporter.
 23021 | Gauntlet | Found a transporter.
 23031 | Gauntlet | Found a transporter.
 23033 | Gauntlet | Found a transporter.
 23047 | Gauntlet | Found a transporter.
 23064 | Gauntlet | Found a transporter.
 23083 | Gauntlet | Found a transporter.
 23087 | Gauntlet | Found a transporter.
 23097 | Gauntlet | Found a transporter.
 23101 | Gauntlet | Found a transporter.
 23465 | Gauntlet | Identified the ring "Cyaproec" {Drain *Slow rF+++ rC+
                  | Str+2}
 23530 | Gauntlet | Identified the amulet of Departure {Reflect +Blink SH+5}
 23609 | Gauntlet | Identified the +5 bardiche "Hohuinet" {spect, rCorr Str+2
                  | SInv}
 23615 | Orc:2    | Identified a scroll of acquirement
 23615 | Orc:2    | Acquired the +1 pair of gloves of Ruapit {Drain +Blink
                  | rElec Int+7}
 23636 | Orc:2    | Found Ziraom's General Store.
 23646 | Orc:2    | Bought a scroll of blinking for 75 gold pieces
 23646 | Orc:2    | Bought a scroll of enchant weapon for 75 gold pieces
 23801 | Orc:2    | Found Xareof's Jewellery Emporium.
 24110 | Orc:2    | Found a transporter.
 24111 | Orc:2    | Noticed mcwallace's ghost (adept TeSu)
 24193 | Orc:2    | Found a transporter.
 24306 | Orc:2    | Found Zicesoh's Antique Weapon Emporium.
 24388 | Orc:2    | Found Nadesch's Antique Armour Emporium.
 24500 | Orc:2    | Reached skill level 3 in Transmutations
 24526 | Orc:2    | Killed mcwallace's ghost
 24707 | Orc:2    | Identified the ring of the Peasants {rF+ rCorr Dex+4
                  | Slay+2}
 25206 | D:11     | Reached skill level 9 in Spellcasting
 25419 | D:11     | Acquired a staff of cold
 26925 | D:13     | Reached skill level 11 in Fighting
 26974 | D:13     | Reached skill level 4 in Transmutations
 27059 | D:13     | Reached skill level 10 in Invocations
 27965 | D:13     | Reached skill level 7 in Evocations
 28152 | D:13     | Found a gate to the Vaults.
 28451 | D:13     | Reached skill level 5 in Transmutations
 28451 | D:13     | Reached XP level 16. HP: 136/150 MP: 22/29
 28553 | D:13     | Identified the +3 hand axe of Massacring {venom, rF+ rC+
                  | Stlth+}
 28555 | D:13     | Identified the ring "Zuniokka" {rN+ Slay+4}
 29116 | D:14     | Found a white marble altar of Elyvilon.
 29208 | D:14     | Reached skill level 11 in Dodging
 29509 | D:15     | Entered Level 15 of the Dungeon
 29511 | D:15     | Identified the ring "Mippyi" {*Corrode Will+ Int+4 Dex+4}
 29594 | D:15     | Found a shadowy altar of Dithmenos.
 29921 | D:15     | Reached skill level 11 in Invocations
 29921 | D:15     | Reached skill level 8 in Evocations
 30478 | D:15     | Reached skill level 12 in Fighting
 30551 | D:15     | Found a staircase to the Depths.
 30646 | D:15     | Found a glowing silver altar of Zin.
 30816 | Snake:1  | Entered Level 1 of the Snake Pit
 30853 | Snake:1  | Found a shimmering altar of Xom.
 31007 | Snake:1  | Reached skill level 9 in Evocations
 32144 | Snake:2  | Noticed a nagaraja
 32153 | Snake:2  | Killed a nagaraja
 32383 | Snake:2  | Reached skill level 12 in Dodging
 32448 | Snake:2  | Noticed Aizul
 32468 | Snake:2  | Killed Aizul
 32469 | Snake:2  | Reached skill level 10 in Evocations
 32611 | Snake:2  | Found a runed translucent door.
 32612 | Snake:2  | Noticed Saojabem's ghost (adept MiBe)
 32839 | Snake:2  | Reached XP level 17. HP: 147/159 MP: 30/30
 34267 | Snake:2  | Killed Saojabem's ghost
 34371 | Shoals:1 | Entered Level 1 of the Shoals
 34843 | Shoals:1 | Reached skill level 13 in Fighting
 35234 | Shoals:1 | Reached skill level 14 in Ice Magic
 35497 | Shoals:1 | Noticed a titan
 35521 | Shoals:1 | Killed a titan
 35555 | Shoals:1 | Identified the +9 flail of Foolhardiness {protect, *Slow
                  | rC+ Str+4 Stlth+}
 35621 | Shoals:2 | Identified Roxanne's Essays on Bedrock
 35621 | Shoals:2 | Noticed Roxanne
 35746 | Shoals:2 | Reached skill level 13 in Dodging
 36005 | Shoals:2 | Noticed Ilsuiw
 36050 | Shoals:2 | Killed Ilsuiw
 36971 | Shoals:3 | Found a runed translucent gate.
 36971 | Shoals:3 | Found a runed translucent gate.
 36971 | Shoals:3 | Found a runed translucent gate.
 37064 | Shoals:3 | Reached XP level 18. HP: 159/174 MP: 30/31
 37395 | Shoals:3 | Reached skill level 14 in Fighting
 37516 | Shoals:3 | Identified the +0 cloak of the Salamander {Harm Dex+3}
 37851 | Shoals:3 | Noticed Iich's ghost (adept HOFi)
 37865 | Shoals:3 | Reached skill level 15 in Ice Magic
 38107 | Shoals:2 | Killed Roxanne
 38241 | Shoals:3 | Killed Iich's ghost
 38458 | Shoals:4 | Entered Level 4 of the Shoals
 39173 | Shoals:4 | Reached skill level 14 in Dodging
 40183 | Shoals:4 | Got a barnacled rune of Zot
 40254 | Shoals:4 | Reached skill level 16 in Ice Magic
 40833 | Shoals:4 | Learned a level 6 spell: Summon Cactus Giant
 41367 | Shoals:4 | Identified the +3 leather armour of Death Resistance
                  | {rElec}
 41462 | Shoals:4 | Got the Spellbook of Frigid Venin
 41473 | Shoals:4 | Learned a level 9 spell: Polar Vortex
 42149 | Snake:3  | Reached skill level 6 in Summonings
 42426 | Snake:3  | Noticed Azrael
 42440 | Snake:3  | Killed Azrael
 42699 | Snake:3  | Reached skill level 15 in Dodging
 42713 | Snake:3  | Reached XP level 19. HP: 182/182 MP: 19/32
 43342 | Snake:3  | Reached skill level 7 in Summonings
 43536 | Snake:4  | Entered Level 4 of the Snake Pit
 43544 | Snake:4  | Noticed Vashnia
 43769 | Snake:4  | Killed Vashnia
 44416 | Snake:4  | Learned a level 2 spell: Ensorcelled Hibernation
 44469 | Snake:4  | Reached skill level 6 in Stealth
 44477 | Snake:4  | Learned a level 5 spell: Summon Mana Viper
 44601 | Snake:4  | Reached skill level 1 in Hexes
 44733 | Snake:4  | Reached skill level 8 in Summonings
 44966 | Snake:4  | Reached skill level 2 in Hexes
 45200 | Snake:4  | Noticed Mara
 45214 | Snake:4  | Noticed quinnr's illusion
 45218 | Snake:4  | Killed Mara
 45219 | Snake:4  | Reached skill level 7 in Stealth
 45759 | Snake:4  | Noticed Mlioglotl
 45769 | Snake:4  | Killed Mlioglotl
 45831 | Snake:4  | Reached skill level 3 in Hexes
 46357 | Snake:4  | Reached skill level 8 in Stealth
 46482 | Snake:4  | Noticed Asterion
 46510 | Snake:4  | Killed Asterion
 46861 | Snake:4  | Identified a +1 robe of resistance
 47335 | Snake:4  | Got a serpentine rune of Zot
 47627 | Vaults:1 | Entered Level 1 of the Vaults
 47692 | Vaults:1 | Found a flickering gateway to a bazaar.
 47718 | Bazaar   | Entered a bazaar
 47718 | Bazaar   | Found Plog's Weapon Shoppe.
 47718 | Bazaar   | Found Hisog's Armour Emporium.
 47719 | Bazaar   | Found Ogriulov's Jewellery Shoppe.
 47719 | Bazaar   | Found Caown's Weapon Emporium.
 47764 | Bazaar   | Bought the +0 mask of the Dragon {Will+ Slay+3 SInv} for
                  | 567 gold pieces
 47764 | Bazaar   | Found the +0 mask of the Dragon {Will+ Slay+3 SInv}
 48301 | Vaults:1 | HP: 1/182 [ironbound frostheart (32)]
 48308 | Vaults:1 | HP: 1/182 [ironbound frostheart/creeping frost (23)]
 48961 | Vaults:1 | Reached skill level 4 in Hexes
 49238 | Vaults:1 | Reached skill level 9 in Stealth
 49242 | Vaults:1 | Reached skill level 9 in Summonings
 49483 | Vaults:1 | Reached XP level 20. HP: 157/190 MP: 25/33
 50300 | Vaults:2 | Reached skill level 10 in Stealth
 50303 | Vaults:2 | Reached skill level 17 in Ice Magic
 50304 | Vaults:2 | HP: 3/190 [yaktaur captain/bolt (24)]
 50305 | Vaults:2 | Shot with a bolt by a yaktaur captain

Vanquished Creatures
  Mara (Snake:4)
  Vashnia (Snake:4)
  Mlioglotl (Snake:4)
  A titan (Shoals:1)
  A sphinx (Vaults:1)
  6 nagarajas
  The ghost of Saojabem the Severer, an adept MiBe of Trog (Snake:2)
  The ghost of Iich the Axe Maniac, an adept HOFi of Beogh (Shoals:3)
  Roxanne (Shoals:2)
  Ilsuiw (Shoals:2)
  An orc warlord (Orc:2)
  3 vault wardens
  The ghost of mcwallace the Worldbinder, an adept TeSu of Gozag (Orc:2)
  Aizul (Snake:2)
  8 slime creatures (D:15)
  An ironbound preserver (Vaults:1)
  An ironbound thunderhulk (Vaults:1)
  Azrael (Snake:3)
  A minotaur (Gauntlet)
  A fire dragon (D:15)
  A merfolk javelineer (Shoals:4)
  5 merfolk impalers
  A great orb of eyes (D:15)
  A yaktaur captain (Vaults:1)
  A rakshasa (D:15)
  An entropy weaver (Vaults:2)
  2 ice dragons (Lair:5)
  5 hydras
  Harold (D:10)
  2 vault guards (D:13)
  A salamander tyrant (Snake:2)
  An alligator snapping turtle (Shoals:4)
  3 two-headed ogres
  8 merfolk aquamancers
  A merfolk avatar (Shoals:1)
  7 anacondas
  2 catoblepae
  3 ironbound frosthearts
  8 centaur warriors
  5 boulder beetles
  11 death yaks
  2 satyrs (Shoals:4)
  3 naga sharpshooters
  8 shock serpents
  Urug (Lair:5)
  An orc high priest (Orc:2)
  10 naga warriors
  3 salamander mystics
  13 sea snakes
  5 deep trolls
  4 naga ritualists
  A phantasmal warrior (D:14)
  A necromancer (Gauntlet)
  3 orc knights (Orc:2)
  A swamp dragon (shapeshifter) (D:15)
  5 lindwurms
  A deep elf pyromancer (D:14)
  5 mana vipers
  15 harpies
  4 ironbound convokers
  15 fauns
  2 orc sorcerers (Orc:2)
  7 ugly things
  A spectral satyr (Shoals:3)
  19 manticores
  7 cyclopes
  5 salamanders
  2 moths of wrath (Orc:2)
  8 merfolk sirens
  12 elephants
  2 torpor snails (Lair:5)
  Joseph (D:10)
  6 water nymphs (Shoals:4)
  27 black mambas
  10 naga magi
  A cane toad (shapeshifter) (D:13)
  2 guardian serpents
  An eye of devastation (Gauntlet)
  3 gargoyles
  Maggie (D:7)
  22 cane toads
  An unseen horror (D:11)
  The ghost of MrSquiggles the Slasher, a novice OpGl (D:4)
  A spectral water nymph (Shoals:3)
  A freezing wraith (D:14)
  A kobold demonologist (D:12)
  2 rime drakes (Lair:5)
  4 komodo dragons
  12 yaktaurs
  A spectral harpy (Shoals:3)
  4 trolls
  2 tyrant leeches (Lair:5)
  5 polar bears
  6 hornets
  18 merfolk
  6 nameless horrors
  4 wind drakes
  7 blink frogs
  Grinder (D:4)
  15 dream sheep
  7 snapping turtles
  A jumping spider (Gauntlet)
  16 water elementals
  2 shadows
  4 fire elementals (Snake:3)
  47 yaks
  4 wyverns
  2 wraiths
  3 humans (D:13)
  Eustachio (D:4)
  A golden eye (Gauntlet)
  4 vampire mosquitoes (D:14)
  3 basilisks
  A redback (Gauntlet)
  A steam dragon (D:7)
  11 wargs
  A harpy simulacrum (Shoals:3)
  34 nagas
  A merfolk simulacrum (Shoals:3)
  16 water moccasins
  2 hell hounds (Snake:3)
  6 black bears
  14 orc warriors
  3 sky beasts (D:8)
  3 ogres
  8 ice beasts
  3 phantoms
  A spectral cyclops (Shoals:3)
  8 centaurs
  2 kobold brigands
  12 bullfrogs
  2 necrophages (D:7)
  A gnoll sergeant (D:9)
  2 scorpions
  Dowan (D:7)
  4 water moccasin zombies (Ossuary)
  A killer bee (D:7)
  2 howler monkeys
  A hound (D:7)
  2 jellies
  7 orc priests
  Crazy Yiuf (D:7)
  A cyclops simulacrum (Shoals:3)
  6 iguanas
  17 orc wizards
  4 hell rats (Lair:2)
  2 mummies
  5 gnolls
  10 adders
  A shadow imp (D:6)
  4 white imps
  An ufetubus (D:7)
  2 adder zombies (Ossuary)
  3 worms
  3 dart slugs
  50 orcs
  5 endoplasms
  A giant cockroach (D:1)
  7 goblins
  6 hobgoblins
  7 jackals (D:2)
  4 quokkas
  A ball python (D:1)
  3 bats
  4 frilled lizards
  A gnoll zombie (Ossuary)
  5 hobgoblin zombies (Ossuary)
  15 kobolds
  A kobold zombie (Ossuary)
  2 orc zombies (Ossuary)
853 creatures vanquished.

Vanquished Creatures (collateral kills)
  Asterion (Snake:4)
  6 nagarajas
  A vault warden (Vaults:1)
  A very ugly thing (D:15)
  An ettin (Vaults:1)
  A merfolk impaler (Shoals:1)
  An entropy weaver (Gauntlet)
  A yaktaur captain (Vaults:1)
  A vault guard (D:13)
  2 salamander tyrants (Snake:4)
  A hydra (Lair:4)
  A two-headed ogre (D:10)
  A death knight (D:14)
  A boulder beetle (D:12)
  8 naga warriors
  A tengu warrior (D:15)
  4 anacondas
  A death yak (Lair:5)
  A merfolk aquamancer (Shoals:4)
  3 merfolk avatars
  4 naga sharpshooters (Snake:4)
  2 shock serpents
  A spectral merfolk (Shoals:3)
  A salamander mystic (Snake:4)
  2 deep trolls (Vaults:1)
  A sea snake (Shoals:3)
  4 ironbound convokers
  3 naga ritualists
  An orc knight (Orc:1)
  4 harpies
  4 mana vipers
  An orc sorcerer (Orc:2)
  9 salamanders
  4 cyclopes
  5 manticores
  10 fauns
  2 elephants (Lair:4)
  12 black mambas
  6 merfolk sirens
  4 torpor snails (Lair:5)
  3 naga magi
  A guardian serpent (Snake:2)
  A cane toad (Lair:5)
  2 water nymphs (Shoals:4)
  A komodo dragon (Lair:5)
  6 yaktaurs
  A tengu conjurer (D:15)
  3 trolls
  2 hornets (Lair:5)
  A meliai (D:13)
  5 wind drakes (Shoals:4)
  13 merfolk
  2 tyrant leeches (Lair:5)
  8 blink frogs
  3 snapping turtles
  10 dream sheep
  2 slime creatures (D:15)
  2 wyverns
  19 yaks
  8 water elementals
  5 humans (D:13)
  3 basilisks
  A vampire mosquito (D:13)
  21 nagas
  2 wargs (Orc:2)
  A floating eye (Gauntlet)
  A nameless horror (Snake:4)
  Duvessa (D:7)
  A hell hound (Snake:3)
  A merfolk simulacrum (Shoals:3)
  3 orc warriors
  An ice beast (Lair:4)
  A black bear (D:11)
  5 centaurs
  A kobold brigand (D:8)
  6 bullfrogs
  A necrophage (D:4)
  3 water moccasin zombies (Ossuary)
  4 howler monkeys
  2 electric eels
  3 orc priests
  A jelly (D:6)
  6 orc wizards
  A mummy (Ossuary)
  4 gnolls (D:9)
  2 white imps
  An adder zombie (Ossuary)
  10 orcs
  2 kobolds (D:8)
  2 gnoll zombies (Ossuary)
  5 hobgoblin zombies (Ossuary)
  4 kobold zombies (Ossuary)
  A butterfly (Lair:4)
317 creatures vanquished.

Vanquished Creatures (others)
  A yaktaur (Vaults:1)
  A human (D:13)
  A meliai simulacrum (D:15)
  A bush (Lair:2)
  2 demonic plants (Gauntlet)
  43 fungi
  330 plants
  14 withered plants (Gauntlet)
393 creatures vanquished.

Grand Total: 1563 creatures vanquished

Table legend: (Time is in decaauts)
 A = Elapsed time spent in this place.
 B = Non-inter-level travel time spent in this place.
 C = Inter-level travel time spent in this place.
 D = Time resting spent in this place.
 E = Time spent auto-exploring this place.
 F = Levels seen in this place.
 G = Mean time per level.
                   A        B        C        D        E       F      G
               +--------+--------+--------+--------+--------+-----+--------+
         Total |  83639 |  76166 |   7473 |   5936 |  54753 |  36 | 2323.3 |
       Dungeon |  30007 |  27166 |   2841 |   1102 |  21634 |  15 | 2000.5 |
        Temple |    275 |    248 |     27 |      0 |    204 |   1 |  275.0 |
          Lair |  15701 |  14257 |   1444 |   1331 |   9880 |   5 | 3140.2 |
        Shoals |  11491 |  10538 |    953 |   1389 |   6214 |   4 | 2872.8 |
     Snake Pit |  15856 |  14543 |   1313 |   1181 |  10856 |   4 | 3964.0 |
  Orcish Mines |   4072 |   3505 |    567 |    263 |   2639 |   2 | 2036.0 |
        Vaults |   4336 |   4009 |    327 |    561 |   2776 |   2 | 2168.0 |
        Bazaar |    150 |    150 |      0 |      0 |      8 |   1 |  150.0 |
       Ossuary |    480 |    480 |      0 |      0 |    245 |   1 |  480.0 |
      Gauntlet |   1266 |   1266 |      0 |    107 |    294 |   1 | 1266.0 |
               +--------+--------+--------+--------+--------+-----+--------+

Top non-repeatable levels by time:
 Snake:4: 5206 daAuts
  Lair:5: 4880 daAuts
Vaults:1: 4268 daAuts
    D:13: 3986 daAuts
 Snake:3: 3863 daAuts
Shoals:3: 3816 daAuts
 Snake:2: 3738 daAuts
  Lair:4: 3499 daAuts
Shoals:4: 3071 daAuts
 Snake:1: 3048 daAuts
   Orc:2: 2711 daAuts
  Lair:3: 2696 daAuts
  Lair:2: 2650 daAuts
    D:10: 2563 daAuts
     D:7: 2560 daAuts

Table legend:
 A = Non-vault XP
 B = Vault XP
 C = Vault XP percentage of total XP
 D = Non-vault monster count
 E = Vault monster count
 F = Vault count percentage of total count
                 A         B        C        D         E       F
            +---------+---------+-------+---------+---------+-------
      Total |  254272 |  161391 |  38.8 |     787 |     376 |  32.3
            +---------+---------+-------+---------+---------+-------
        D:1 |      36 |       0 |   0.0 |      21 |       0 |   0.0
        D:2 |      70 |       0 |   0.0 |      21 |       0 |   0.0
        D:3 |     136 |      15 |   9.9 |      17 |       2 |  10.5
        D:4 |     122 |     923 |  88.3 |      13 |       4 |  23.5
        D:5 |     838 |       0 |   0.0 |      20 |       0 |   0.0
        D:6 |     547 |       0 |   0.0 |      12 |       0 |   0.0
        D:7 |    1106 |    1607 |  59.2 |      26 |      17 |  39.5
        D:8 |    1460 |     377 |  20.5 |      22 |       4 |  15.4
        D:9 |    1284 |       0 |   0.0 |      17 |       0 |   0.0
       D:10 |    3330 |    1313 |  28.3 |      14 |       2 |  12.5
       D:11 |    4321 |     824 |  16.0 |      15 |       5 |  25.0
       D:12 |    5791 |       0 |   0.0 |      23 |       0 |   0.0
       D:13 |    4755 |   14988 |  75.9 |      12 |      30 |  71.4
       D:14 |    8214 |       0 |   0.0 |      16 |       0 |   0.0
       D:15 |    8308 |    5935 |  41.7 |      21 |      10 |  32.3
     Lair:1 |    4404 |     799 |  15.4 |      18 |       1 |   5.3
     Lair:2 |    4112 |       0 |   0.0 |      20 |       0 |   0.0
     Lair:3 |    3622 |     727 |  16.7 |      19 |       5 |  20.8
     Lair:4 |   17597 |    1550 |   8.1 |      51 |      13 |  20.3
     Lair:5 |   16421 |   18875 |  53.5 |      53 |      40 |  43.0
   Shoals:1 |   16747 |    3174 |  15.9 |      32 |       4 |  11.1
   Shoals:2 |   17423 |    3831 |  18.0 |      37 |       5 |  11.9
   Shoals:3 |   13851 |   10247 |  42.5 |      29 |      26 |  47.3
   Shoals:4 |   20917 |   19351 |  48.1 |      50 |      35 |  41.2
    Snake:1 |   12955 |    1237 |   8.7 |      23 |       2 |   8.0
    Snake:2 |   26107 |    2557 |   8.9 |      50 |       2 |   3.8
    Snake:3 |   18002 |    2531 |  12.3 |      34 |       9 |  20.9
    Snake:4 |   20840 |   39851 |  65.7 |      42 |      53 |  55.8
      Orc:1 |    1734 |       0 |   0.0 |      21 |       0 |   0.0
      Orc:2 |    1148 |   10663 |  90.3 |       9 |      47 |  83.9
   Vaults:1 |   13598 |    6795 |  33.3 |      21 |       7 |  25.0
   Vaults:2 |    4476 |    5693 |  56.0 |       8 |       9 |  52.9
    Ossuary |       0 |     610 | 100.0 |       0 |      32 | 100.0
   Gauntlet |       0 |    6918 | 100.0 |       0 |      12 | 100.0
            +---------+---------+-------+---------+---------+-------
